 Dungeon Sprint DCSS version 0.31-a0-344-gd109795599 (webtiles) character file.

Game seed: 7903240918873263065

16 Conn the Firebug (level 2, -6/25 HPs)
             Began as an Octopode Fire Elementalist on July 22, 2023.
             Mangled by a human (8 damage)
             ... in the Dungeon (Sprint III: "The Ten Rune Challenge").
             The game lasted 00:00:36 (112 turns).

Conn the Firebug (Octopode Fire Elementalist)        Turns: 112, Time: 00:00:36

Health: -6/25      AC:  1    Str:  7    XL:     2   Next: 58%
Magic:  1/5        EV: 13    Int: 17    God:
Gold:   6          SH:  0    Dex: 12    Spells: 5/6 levels left

rFire   . . .        (no weapon)
rCold   . . .        (no shield)
rNeg    . . .        (helmet restricted)
rPois   .            (no amulet)
rElec   .            (no ring)
rCorr   .            (no ring)
SInv    .            (no ring)
Will    .....        (no ring) Stlth
                     (no ring)
HPRegen 0.24/turn    (no ring)
MPRegen 0.09/turn    (no ring)
                     (no ring)

%: no teleportation
@: berserking, very quick
A: almost no armour, amphibious, 8 rings, camouflage 1, gelatinous body 1,
(nimble swimmer 1), tentacles
a: no special abilities


You were in the Dungeon.
You visited 1 branch You collected 6 gold pieces.

Inventory:

Scrolls
 f - a scroll of blinking
Potions
 a - 3 potions of magic
 b - a potion of curing
 c - a potion of heal wounds
 d - a potion of haste


   Skills:
 + Level 2.5 Dodging
 + Level 3.2 Stealth
 + Level 2.7 Spellcasting
 + Level 1.2 Conjurations
 + Level 4.9 Fire Magic


You had 5 spell levels left.
You knew the following spells:

 Your Spells              Type           Power      Damage    Failure   Level
a - Foxfire               Conj/Fire      48%        2x1d6     4%          1

Your spell library contained the following spells:

 Spells                   Type           Power      Damage    Failure   Level
 Scorch                   Fire           38%        2d6       3%          2
 Inner Flame              Hex/Fire       10%        N/A       21%         3
 Volatile Blastmotes      Fire/Tloc      20%        2d11      21%         3
 Flame Wave               Conj/Fire      12%        2d6       45%         4


Dungeon Overview and Level Annotations

Branches:
Dungeon (1/1)

Altars:


Innate Abilities, Weirdness & Mutations

You cannot wear most types of armour.
You are amphibious.
You can wear up to eight rings at the same time.
Your skin changes colour to match your surroundings (Stealth+).
Your rubbery body absorbs attacks. (AC +1, EV +1)
((You are camouflaged when in or above water. (Stealth+)))
You have tentacles for arms and can constrict up to eight enemies at once.


Message History

The human is lightly wounded.
The foxfire hits the human.
The human is moderately wounded.
The foxfire hits the wolf but does no damage.
The wolf howls!
The foxfire hits the wolf but does no damage.
Unknown command.
Okay, then.
Unknown command.
The foxfire hits the human.
The human is moderately wounded.
A red film seems to cover your vision as you go berserk!
You feel yourself moving faster!
You feel mighty! The wolf bites you but does no damage. The wolf bites you!
Ouch! That really hurt!
You miss the wolf. You grab the wolf.
You constrict the wolf, but do no damage.
The wolf barely misses you.
You bludgeon the wolf!
The wolf is almost dead.
You constrict the wolf.
You kill the wolf!
Your Stealth skill increases to level 3!
Your Fire Magic skill increases to level 4!
You have reached level 2!
You closely miss the human. Your grab misses the human.
The human is moderately wounded.
The human closely misses you.
You tentacle-slap the human. Your grab misses the human.
The human is heavily wounded.
You barely miss the human. You grab the human. Your squeeze misses the human.
The human is heavily wounded.
You constrict the human, but do no damage.
The human hits you!
* * * LOW HITPOINT WARNING * * *
You tentacle-slap the human.
The human is heavily wounded.
You constrict the human, but do no damage.
The human hits you!
You die...

▓.....#....~♣♣♣ .
▓†v...#...~~♣.♣.♣
▓....[#..~~~~♣..♣
▓####†#..~≈≈~~~♣♣
▓.....#.~~≈~~~...
▓.....#h~≈~~~....
▓.....#.~~~......
▓'#####..........
▓....@p..........
▓▓▓▓▓▓▓▓▓▓▓▓▓▓▓▓▓


You could see a human.

Vanquished Creatures
  A wolf (D)
  4 rats (D)
5 creatures vanquished.

Vanquished Creatures (others)
  12 foxfires (D)
12 creatures vanquished.

Grand Total: 17 creatures vanquished

Notes
Turn   | Place    | Note
-------+----------+-------------------------------------------
     0 | D        | Conn the Octopode Fire Elementalist began the quest for the
                  | Orb.
     0 | D        | Reached XP level 1. HP: 11/11 MP: 3/3
    95 | D        | Noticed a wolf
   108 | D        | Killed a wolf
   109 | D        | Reached skill level 4 in Fire Magic
   109 | D        | Reached XP level 2. HP: 9/17 MP: 0/5
   112 | D        | Mangled by a human

Illustrated notes

Levels and vault maps discovered:
D:        dungeon_sprint_mu [sprint_mu_entry_forest, sprint_mu_temple_rooms,
          sprint_mu_d1_spiders, sprint_mu_d2_genie, sprint_mu_d3_branching,
          sprint_mu_orc_legion, sprint_mu_elf_gauntlet, sprint_mu_hive_nellie,
          sprint_mu_lair_fedhas, sprint_mu_vaults_butterflies,
          sprint_mu_slime_circle, sprint_mu_swamp_cave, sprint_mu_snake_twists,
          sprint_mu_blade_basic, sprint_mu_crypt_chambers,
          sprint_mu_tomb_spiral, sprint_mu_vestibule_basic,
          sprint_mu_gehenna_hellfire, sprint_mu_dis_giant,
          sprint_mu_tartarus_statrot, sprint_mu_cocytus_islands, sprint_mu_zot1]

Skill      XL: |  1 |
---------------+----+-----
Stealth        | 3 |  3.2
Fire Magic     | 4 |  4.9
Dodging        | |  2.5
Spellcasting   | |  2.7
Conjurations   | |  1.2

Action                     || total
---------------------------++-------
  Melee: Unarmed           ||     6
         Constrict         ||     2
   Cast: Foxfire           ||     8
    Use: Potion            ||     1
 Armour: Skin              ||     1
  Dodge: Dodged            ||     5

Table legend: (Time is in decaauts)
 A = Elapsed time spent in this place.
 B = Non-inter-level travel time spent in this place.
 C = Inter-level travel time spent in this place.
 D = Time resting spent in this place.
 E = Time spent auto-exploring this place.
 F = Levels seen in this place.
 G = Mean time per level.
                   A        B        C        D        E       F      G
               +--------+--------+--------+--------+--------+-----+--------+
         Total |    110 |    110 |      0 |     59 |      0 |   1 |  110.0 |
       Dungeon |    110 |    110 |      0 |     59 |      0 |   1 |  110.0 |
               +--------+--------+--------+--------+--------+-----+--------+

Top non-repeatable levels by time:
       D: 110 daAuts
